Oilers vs Sharks
(R1)
Created - October 22, 2024 at 20:15
Goals
|
| Oilers |
0 |
1 |
1 |
0 |
2 |
| Sharks |
0 |
2 |
0 |
1 |
3 |
|
Shots
|
| Oilers |
6 |
19 |
7 |
1 |
33 |
| Sharks |
4 |
6 |
4 |
1 |
15 |
|
1st period
No Goal
Penalties :
Marcus Pettersson (Edm) for Hooking (Minor) at 8:58, Marcus Pettersson (Edm) for Holding Stick (Minor) at 18:43
2nd period
1. Oilers , Leon Draisaitl 1 (Connor McDavid 1, Darnell Nurse 1) at 1:12
2. Sharks , Andreas Martinsen 1 (Beau Bennett 1) at 10:36
3. Sharks , Wayne Simmonds 1 (Connor Murphy 1) at 11:46
Penalties :
Ronalds Kenins (S.J) for Interference (Minor) at 1:28, Adam Gaudette (Edm) for High sticking (Minor) at 7:03, Ronalds Kenins (S.J) for Interference (Minor) at 17:32
3rd period
4. Oilers , Connor McDavid 1 (Darnell Nurse 2, Marcus Pettersson 1) at 8:03
Penalties :
Zach Parise (S.J) for Slashing (Double Minor) at 9:42
Overtime #1
5. Sharks , Conor Sheary 1 (Steven Stamkos 1, Philipp Grubauer) at 1:18
Penalties :
No Penalty
Goalie Stats
Carter Hart (Edm), 12 saves from 15 shots - (0.800), OTL, 0-1-1, 61:18 minutes
Philipp Grubauer (S.J), 31 saves from 33 shots - (0.939), W, 1-1-0, 61:18 minutes
Players Stats for Oilers
Player Name G A P +/- PIM S H SB GA TA FO MP PP MP PK MP
------------------------------------------------------------------------------------
Adam Gaudette 0 0 0 1 2 3 2 0 0 0 0/1 20:02 3:21 0:25
Andrew Mangiapane 0 0 0 0 0 1 0 0 0 0 0/0 8:02 0:40 0:00
Brent Burns 0 0 0 0 0 0 1 0 0 0 0/0 15:10 0:06 0:36
Brent Seabrook 0 0 0 -1 0 1 3 1 0 1 0/0 19:29 3:45 2:22
Christian Fischer 0 0 0 0 0 0 1 0 0 0 0/0 10:23 0:00 0:00
Connor McDavid 1 1 2 2 0 7 1 0 3 0 9/14 18:48 3:43 0:45
Darnell Nurse 0 2 2 0 0 0 1 1 0 0 0/0 26:52 4:12 3:42
Frederik Gauthier 0 0 0 0 0 0 0 0 0 1 3/6 13:00 1:04 0:13
Greg Stewart 0 0 0 -1 0 4 2 0 0 0 1/1 14:10 1:04 2:50
Jamie Benn 0 0 0 0 0 1 1 0 0 0 0/1 12:03 0:11 0:28
Jamie McBain 0 0 0 0 0 1 2 0 0 0 0/0 21:51 4:06 3:51
Jason Robertson 0 0 0 -1 0 0 2 1 0 0 0/0 15:32 3:36 0:00
Leon Draisaitl 1 0 1 1 0 5 1 1 0 0 1/2 19:54 3:22 2:48
Marcus Pettersson 0 1 1 0 4 1 1 0 2 1 0/0 22:54 3:45 0:58
Mitch Marner 0 0 0 -2 0 2 0 1 0 0 0/1 16:00 3:38 0:00
Noel Acciari 0 0 0 -1 0 2 0 0 0 0 1/3 11:05 0:00 1:45
Philippe Myers 0 0 0 0 0 1 1 0 0 1 0/0 13:41 0:00 0:00
Tyler Johnson 0 0 0 -1 0 4 1 0 0 0 7/13 18:58 3:12 3:05
Players Stats for Sharks
Player Name G A P +/- PIM S H SB GA TA FO MP PP MP PK MP
------------------------------------------------------------------------------------
Andreas Martinsen 1 0 1 1 0 1 2 1 1 0 0/1 14:37 0:00 3:30
Beau Bennett 0 1 1 1 0 0 3 1 0 0 0/0 10:57 0:00 0:00
Boone Jenner 0 0 0 1 0 1 2 1 0 0 1/4 18:27 2:19 2:46
Brendan Gaunce 0 0 0 0 0 0 1 0 0 0 1/2 8:38 0:00 1:13
Connor Murphy 0 1 1 1 0 0 2 1 0 1 0/0 13:29 0:00 0:32
Conor Sheary 1 0 1 -2 0 1 1 0 0 0 0/3 18:24 3:38 0:00
Drew Doughty 0 0 0 -1 0 1 2 4 0 2 0/0 28:54 4:00 4:31
Jeremy Morin 0 0 0 0 0 1 1 0 0 0 1/2 9:22 0:00 1:56
MacKenzie Weegar 0 0 0 2 0 0 1 0 1 0 0/0 12:49 0:00 0:32
Markus Nutivaara 0 0 0 0 0 0 0 0 0 0 0/0 19:35 1:57 2:54
Mike Lundin 0 0 0 -1 0 2 1 1 1 2 0/0 26:56 4:00 4:31
Oscar Sundqvist 0 0 0 2 0 0 2 0 0 0 0/2 11:17 0:00 0:00
Ronalds Kenins 0 0 0 -2 4 1 2 0 0 0 1/1 19:58 3:38 1:20
Steven Stamkos 0 1 1 -2 0 1 3 0 1 0 15/26 22:33 3:38 3:43
Tyler Myers 0 0 0 0 0 1 0 3 0 0 0/0 19:35 1:57 2:54
Vince Hinostroza 0 0 0 0 0 3 1 1 0 0 0/0 7:25 0:00 0:00
Wayne Simmonds 1 0 1 1 0 2 1 1 0 0 0/0 15:37 2:19 0:00
Zach Parise 0 0 0 2 4 0 2 1 0 0 1/1 17:21 2:19 1:26
3 Stars
1 - Connor McDavid (Edm)
2 - Andreas Martinsen (S.J)
3 - Wayne Simmonds (S.J)
Power Play
Oilers - 0 on 4 Attempt(s) - 0.00%
Sharks - 0 on 3 Attempt(s) - 0.00%
Penalty Kill
Oilers - 3 on 3 Attempt(s) - 100.00%
- Score 0 goal in Penalty Kill
Sharks - 4 on 4 Attempt(s) - 100.00%
- Score 0 goal in Penalty Kill
Team Stat
Oilers - Hits : 20 - Faceoff Wins : 22 - Blocked Shots : 5 - Penalty Minutes : 6
Sharks - Hits : 27 - Faceoff Wins : 20 - Blocked Shots : 15 - Penalty Minutes : 8
Official
Referees : Jacob Brenk and Dan Kelly
Linesman : Tyson Baker and Derek Nansen
Game Notes
3:31 of 3rd period - Sharks goal is going for a video replay. After video review, No Goal. The puck has been directed, batted or thrown into the net by an attacking player other than with a stick.
Finance
Level 1 -- Attendance: 5848 (97.47%) -- Ticket Income $584,800
Level 2 -- Attendance: 4819 (96.38%) -- Ticket Income $337,330
Level 3 -- Attendance: 1989 (99.45%) -- Ticket Income $79,560
Level 4 -- Attendance: 3586 (89.65%) -- Ticket Income $107,580
Luxury Box -- Attendance: 1000 (100.00%) -- Ticket Income $200,000
Game was played at the SAP Center.
Total Attendance: 17242 (95.79%)
Total Ticket Income: $1,309,270
Other Income: $196,390
Total Income: $1,505,660
Oilers
5 vs 5 Forward
Center Left Wing Right Wing Time % Phy DF OF
1 Connor McDavid Leon Draisaitl Adam Gaudette 35 1 2 2
2 Tyler Johnson Jason Robertson Mitch Marner 30 1 2 2
3 Frederik Gauthier Jamie Benn Christian Fischer 25 1 2 2
4 Noel Acciari Greg Stewart Andrew Mangiapane 10 1 2 2
5 vs 5 Defense
Defense Defense Time % Phy DF OF
1 Darnell Nurse Marcus Pettersson 40 1 2 2
2 Brent Seabrook Jamie McBain 30 1 2 2
3 Brent Burns Philippe Myers 20 1 2 2
4 Darnell Nurse Jamie McBain 10 1 2 2
PowerPlay Forward
Center Left Wing Right Wing Time % Phy DF OF
1 Connor McDavid Jason Robertson Mitch Marner 60 1 2 2
2 Tyler Johnson Leon Draisaitl Adam Gaudette 40 1 2 2
PowerPlay Defense
Defense Defense Time % Phy DF OF
1 Darnell Nurse Jamie McBain 60 1 2 2
2 Brent Seabrook Marcus Pettersson 40 1 2 2
Penalty Kill 4 Players Forward
Center Wing Time % Phy DF OF
1 Tyler Johnson Leon Draisaitl 60 1 4 0
2 Noel Acciari Greg Stewart 40 1 4 0
Penalty Kill 4 Players Defense
Defense Defense Time % Phy DF OF
1 Darnell Nurse Jamie McBain 60 0 5 0
2 Brent Seabrook Marcus Pettersson 40 0 5 0
Penalty Kill - 3 Players Forward
Forward Time % Phy DF OF
1 Noel Acciari 60 0 5 0
2 Tyler Johnson 40 0 5 0
Penalty Kill - 3 Players Defense
Defense Defense Time % Phy DF OF
1 Darnell Nurse Jamie McBain 60 0 5 0
2 Brent Seabrook Marcus Pettersson 40 0 5 0
4 vs 4 Forward
Center Wing Time % Phy DF OF
1 Connor McDavid Leon Draisaitl 60 1 2 2
2 Tyler Johnson Greg Stewart 40 1 2 2
4 vs 4 Defense
Defense Defense Time % Phy DF OF
1 Darnell Nurse Jamie McBain 60 1 2 2
2 Brent Seabrook Marcus Pettersson 40 1 2 2
Last Minutes Offensive
Center Left Wing Right Wing Defense Defense
Connor McDavid Leon Draisaitl Mitch Marner Darnell Nurse Jamie McBain
Last Minutes Defensive
Center Left Wing Right Wing Defense Defense
Connor McDavid Leon Draisaitl Mitch Marner Darnell Nurse Jamie McBain
Goaltenders
Starting : Carter Hart
Backup : Jaroslav Halak
Extra Forwards
Normal : Greg Stewart, Frederik Gauthier, Jamie Benn - PP : Greg Stewart, Frederik Gauthier - PK : Greg Stewart
Extra Defensemen
Normal : Marcus Pettersson, Brent Burns, Philippe Myers - PP : Marcus Pettersson - PK : Marcus Pettersson, Brent Burns
Penalty Shots
Connor McDavid, Tyler Johnson, Leon Draisaitl, Mitch Marner, Greg Stewart
Custom OT Lines Forwards
Connor McDavid, Tyler Johnson, Leon Draisaitl, Mitch Marner, Greg Stewart, Frederik Gauthier, Jamie Benn, Adam Gaudette, Noel Acciari, Andrew Mangiapane
Custom OT Lines Defensemen
Darnell Nurse, Jamie McBain, Brent Seabrook, Marcus Pettersson, Brent Burns
Scratches
Anton Slepyshev (Healthy), Brett Lernout (Healthy)
Sharks
5 vs 5 Forward
Center Left Wing Right Wing Time % Phy DF OF
1 Steven Stamkos Ronalds Kenins Conor Sheary 40 1 2 2
2 Boone Jenner Zach Parise Wayne Simmonds 30 1 2 2
3 Oscar Sundqvist Andreas Martinsen Beau Bennett 20 1 2 2
4 Brendan Gaunce Jeremy Morin Vince Hinostroza 10 1 2 2
5 vs 5 Defense
Defense Defense Time % Phy DF OF
1 Drew Doughty Mike Lundin 40 1 2 2
2 Tyler Myers Markus Nutivaara 30 1 2 2
3 Connor Murphy MacKenzie Weegar 20 1 2 2
4 Drew Doughty Mike Lundin 10 1 2 2
PowerPlay Forward
Center Left Wing Right Wing Time % Phy DF OF
1 Steven Stamkos Ronalds Kenins Conor Sheary 60 0 2 3
2 Boone Jenner Zach Parise Wayne Simmonds 40 0 2 3
PowerPlay Defense
Defense Defense Time % Phy DF OF
1 Drew Doughty Mike Lundin 60 0 2 3
2 Tyler Myers Markus Nutivaara 40 0 2 3
Penalty Kill 4 Players Forward
Center Wing Time % Phy DF OF
1 Steven Stamkos Ronalds Kenins 60 1 3 1
2 Boone Jenner Zach Parise 40 1 3 1
Penalty Kill 4 Players Defense
Defense Defense Time % Phy DF OF
1 Drew Doughty Mike Lundin 60 1 3 1
2 Tyler Myers Markus Nutivaara 40 1 3 1
Penalty Kill - 3 Players Forward
Forward Time % Phy DF OF
1 Steven Stamkos 60 1 4 0
2 Boone Jenner 40 1 4 0
Penalty Kill - 3 Players Defense
Defense Defense Time % Phy DF OF
1 Drew Doughty Mike Lundin 60 1 4 0
2 Tyler Myers Markus Nutivaara 40 1 4 0
4 vs 4 Forward
Center Wing Time % Phy DF OF
1 Steven Stamkos Ronalds Kenins 60 1 2 2
2 Boone Jenner Zach Parise 40 1 2 2
4 vs 4 Defense
Defense Defense Time % Phy DF OF
1 Drew Doughty Mike Lundin 60 1 2 2
2 Tyler Myers Markus Nutivaara 40 1 2 2
Last Minutes Offensive
Center Left Wing Right Wing Defense Defense
Steven Stamkos Ronalds Kenins Conor Sheary Drew Doughty Mike Lundin
Last Minutes Defensive
Center Left Wing Right Wing Defense Defense
Steven Stamkos Ronalds Kenins Conor Sheary Drew Doughty Mike Lundin
Goaltenders
Starting : Philipp Grubauer
Backup : Malcolm Subban
Extra Forwards
Normal : Zach Parise, Oscar Sundqvist, Wayne Simmonds - PP : Zach Parise, Oscar Sundqvist - PK : Zach Parise
Extra Defensemen
Normal : Markus Nutivaara, Connor Murphy, MacKenzie Weegar - PP : Markus Nutivaara - PK : Markus Nutivaara, Connor Murphy
Penalty Shots
Steven Stamkos, Conor Sheary, Boone Jenner, Ronalds Kenins, Zach Parise
Custom OT Lines Forwards
Steven Stamkos, Conor Sheary, Boone Jenner, Ronalds Kenins, Zach Parise, Oscar Sundqvist, Wayne Simmonds, Brendan Gaunce, Beau Bennett, Andreas Martinsen
Custom OT Lines Defensemen
Drew Doughty, Mike Lundin, Tyler Myers, Markus Nutivaara, Connor Murphy
Scratches
Eric Gustafsson (Healthy), Gustav Nyquist (Healthy)
% Time on Ice - Oilers
Lines # - Real PCT - Wanted PCT - Time Play
Normal Forward
1 - 29% - 35% - 13:29
2 - 32% - 30% - 14:52
3 - 23% - 25% - 10:23
4 - 16% - 10% - 7:22
Normal Defense
1 - 38% - 40% - 17:38
2 - 31% - 30% - 14:09
3 - 28% - 20% - 12:55
4 - 3% - 10% - 1:24
PP Forward
1 - 52% - 60% - 4:09
2 - 48% - 40% - 3:48
PP Defense
1 - 53% - 60% - 4:12
2 - 47% - 40% - 3:45
PK Forward
1 - 71% - 60% - 4:12
2 - 29% - 40% - 1:45
PK Defense
1 - 53% - 60% - 3:10
2 - 47% - 40% - 2:47
PK3 Forward
1 - 0% - 60%
2 - 0% - 40%
PK3 Defense
1 - 0% - 60%
2 - 0% - 40%
44 Forward
1 - 0% - 60%
2 - 0% - 40%
44 Defense
1 - 0% - 60%
2 - 0% - 40%
Last Minute Offensive - 0:00
Last Minute Defensive - 0:00
Total
Forward - 60:00
Defense - 60:00
|
% Time on Ice - Sharks
Lines # - Real PCT - Wanted PCT - Time Play
Normal Forward
1 - 33% - 40% - 15:04
2 - 29% - 30% - 13:15
3 - 22% - 20% - 10:22
4 - 16% - 10% - 7:25
Normal Defense
1 - 39% - 40% - 17:57
2 - 32% - 30% - 14:44
3 - 27% - 20% - 12:17
4 - 2% - 10% - 1:08
PP Forward
1 - 61% - 60% - 3:38
2 - 39% - 40% - 2:19
PP Defense
1 - 67% - 60% - 4:00
2 - 33% - 40% - 1:57
PK Forward
1 - 82% - 60% - 6:30
2 - 18% - 40% - 1:27
PK Defense
1 - 57% - 60% - 4:31
2 - 43% - 40% - 3:26
PK3 Forward
1 - 0% - 60%
2 - 0% - 40%
PK3 Defense
1 - 0% - 60%
2 - 0% - 40%
44 Forward
1 - 0% - 60%
2 - 0% - 40%
44 Defense
1 - 0% - 60%
2 - 0% - 40%
Last Minute Offensive - 0:00
Last Minute Defensive - 0:00
Total
Forward - 60:00
Defense - 60:00
|
Play-by-Play
1st period
0:01 of 1st period - Steven Stamkos wins face-off versus Connor McDavid in neutral zone.
1:24 of 1st period - Wrist shot by Jamie Benn.
1:24 of 1st period - Deflect By Christian Fischer.
1:24 of 1st period - Shot Misses the Net.
1:24 of 1st period - Puck is out of play.
1:25 of 1st period - Greg Stewart wins face-off versus Steven Stamkos in Sharks zone.
1:52 of 1st period - Connor McDavid is hit by MacKenzie Weegar and loses puck.
2:03 of 1st period - Wrist shot by Boone Jenner.
2:03 of 1st period - Stopped by Carter Hart with a rebound.
2:57 of 1st period - Markus Nutivaara is hit by Philippe Myers and loses puck.
3:28 of 1st period - Slapshot by Connor McDavid.
3:28 of 1st period - Stopped by Philipp Grubauer without a rebound.
3:29 of 1st period - Frederik Gauthier wins face-off versus Steven Stamkos in Sharks zone.
6:55 of 1st period - Slapshot by Adam Gaudette.
6:55 of 1st period - Shot Blocked by Tyler Myers.
6:57 of 1st period - Slapshot by Brent Burns.
6:57 of 1st period - Shot Blocked by Tyler Myers.
7:09 of 1st period - Slapshot by Leon Draisaitl.
7:09 of 1st period - Stopped by Philipp Grubauer with a rebound.
7:21 of 1st period - Slapshot by Connor McDavid.
7:21 of 1st period - Shot Blocked by Tyler Myers.
7:31 of 1st period - Wrist shot by Leon Draisaitl.
7:31 of 1st period - Stopped by Philipp Grubauer without a rebound.
7:32 of 1st period - Tyler Johnson wins face-off versus Steven Stamkos in Sharks zone.
7:43 of 1st period - Snap shot by Conor Sheary.
7:43 of 1st period - Shot Misses the Net.
7:45 of 1st period - Snap shot by Drew Doughty.
7:45 of 1st period - Stopped by Carter Hart with a rebound.
7:47 of 1st period - Snap shot by Ronalds Kenins.
7:47 of 1st period - Shot Misses the Net.
8:58 of 1st period - Minor Penalty to Marcus Pettersson for Hooking.
8:59 of 1st period - Steven Stamkos wins face-off versus Noel Acciari in Oilers zone.
9:10 of 1st period - Wrist shot by Conor Sheary.
9:10 of 1st period - Deflect By Ronalds Kenins.
9:10 of 1st period - Shot Blocked by Darnell Nurse.
9:10 of 1st period - Puck is out of play.
9:11 of 1st period - Ronalds Kenins wins face-off versus Tyler Johnson in Oilers zone.
9:14 of 1st period - Snap shot by Ronalds Kenins.
9:14 of 1st period - Stopped by Carter Hart with a rebound.
9:28 of 1st period - Leon Draisaitl is hit by Steven Stamkos and loses puck.
10:00 of 1st period - Slapshot by Mike Lundin.
10:00 of 1st period - Shot Blocked by Leon Draisaitl.
10:23 of 1st period - Ronalds Kenins is hit by Brent Seabrook and loses puck.
10:58 of 1st period - Penalty to Marcus Pettersson is over, Marcus Pettersson is back on ice.
11:11 of 1st period - Frederik Gauthier is hit by Vince Hinostroza and loses puck.
11:24 of 1st period - Wrist shot by Jason Robertson.
11:24 of 1st period - Shot Blocked by Andreas Martinsen.
11:34 of 1st period - Slapshot by Beau Bennett.
11:34 of 1st period - Shot Blocked by Mitch Marner.
11:58 of 1st period - Slapshot by Jamie McBain.
11:58 of 1st period - Deflect By Greg Stewart.
11:58 of 1st period - Shot Misses the Net.
11:58 of 1st period - Puck is out of play.
11:59 of 1st period - Boone Jenner wins face-off versus Jamie Benn in Sharks zone.
12:57 of 1st period - Zach Parise is hit by Brent Burns and loses puck.
13:10 of 1st period - Snap shot by Connor McDavid.
13:10 of 1st period - Stopped by Philipp Grubauer with a rebound.
13:43 of 1st period - Snap shot by Ronalds Kenins.
13:43 of 1st period - Shot Misses the Net.
14:25 of 1st period - Wayne Simmonds is hit by Jason Robertson.
14:43 of 1st period - Jamie Benn is hit by Andreas Martinsen and loses puck.
15:18 of 1st period - Snap shot by Brendan Gaunce.
15:18 of 1st period - Shot Blocked by Jason Robertson.
15:54 of 1st period - Jamie Benn is hit by Beau Bennett and loses puck.
16:01 of 1st period - Slapshot by Oscar Sundqvist.
16:01 of 1st period - Shot Misses the Net.
16:32 of 1st period - Drew Doughty is hit by Brent Seabrook and loses puck.
16:41 of 1st period - Snap shot by Noel Acciari.
16:41 of 1st period - Shot Misses the Net.
16:58 of 1st period - Tyler Johnson is hit by Boone Jenner and loses puck.
17:43 of 1st period - Jeremy Morin is hit by Darnell Nurse and loses puck.
18:32 of 1st period - Wrist shot by Greg Stewart.
18:32 of 1st period - Shot Misses the Net.
18:36 of 1st period - Slapshot by Tyler Johnson.
18:36 of 1st period - Stopped by Philipp Grubauer without a rebound.
18:37 of 1st period - Steven Stamkos wins face-off versus Tyler Johnson in Sharks zone.
18:43 of 1st period - Minor Penalty to Marcus Pettersson for Holding Stick.
18:44 of 1st period - Steven Stamkos wins face-off versus Tyler Johnson in Oilers zone.
18:47 of 1st period - Wrist shot by Steven Stamkos.
18:47 of 1st period - Stopped by Carter Hart without a rebound.
18:48 of 1st period - Steven Stamkos wins face-off versus Tyler Johnson in Oilers zone.
19:26 of 1st period - Wrist shot by Greg Stewart.
19:26 of 1st period - Stopped by Philipp Grubauer with a rebound.
19:28 of 1st period - Backhand shot by Darnell Nurse.
19:28 of 1st period - Shot Blocked by Drew Doughty.
Goals for this period are 0 for Oilers vs 0 for Sharks.
Shots for this period are 6 for Oilers vs 4 for Sharks.
2nd period
0:01 of 2nd period - Tyler Johnson wins face-off versus Steven Stamkos in neutral zone.
0:04 of 2nd period - Wrist shot by Tyler Johnson.
0:04 of 2nd period - Stopped by Philipp Grubauer with a rebound.
0:32 of 2nd period - Slapshot by Mike Lundin.
0:32 of 2nd period - Stopped by Carter Hart without a rebound.
0:33 of 2nd period - Steven Stamkos wins face-off versus Noel Acciari in Oilers zone.
0:43 of 2nd period - Penalty to Marcus Pettersson is over, Marcus Pettersson is back on ice.
0:44 of 2nd period - Snap shot by Ronalds Kenins.
0:44 of 2nd period - Shot Misses the Net.
0:46 of 2nd period - Slapshot by Tyler Myers.
0:46 of 2nd period - Deflect By Ronalds Kenins.
0:46 of 2nd period - Shot Misses the Net.
0:46 of 2nd period - Puck is out of play.
0:47 of 2nd period - Connor McDavid wins face-off versus Steven Stamkos in Oilers zone.
0:52 of 2nd period - Snap shot by Connor McDavid.
0:52 of 2nd period - Stopped by Philipp Grubauer with a rebound.
0:54 of 2nd period - Wrist shot by Adam Gaudette.
0:54 of 2nd period - Stopped by Philipp Grubauer without a rebound.
0:55 of 2nd period - Leon Draisaitl wins face-off versus Conor Sheary in Sharks zone.
1:02 of 2nd period - Snap shot by Connor McDavid.
1:02 of 2nd period - Shot Misses the Net.
1:08 of 2nd period - Wrist shot by Leon Draisaitl.
1:08 of 2nd period - Shot Misses the Net.
1:10 of 2nd period - Wrist shot by Connor McDavid.
1:10 of 2nd period - Stopped by Philipp Grubauer with a rebound.
1:12 of 2nd period - Slapshot by Leon Draisaitl.
1:12 of 2nd period - Goal by Leon Draisaitl - Oilers : 1 - Sharks : 0.
1:13 of 2nd period - Connor McDavid wins face-off versus Conor Sheary in neutral zone.
1:13 of 2nd period - Connor McDavid is hit by Steven Stamkos.
1:16 of 2nd period - Darnell Nurse is hit by Drew Doughty and loses puck.
1:28 of 2nd period - Minor Penalty to Ronalds Kenins for Interference.
1:29 of 2nd period - Connor McDavid wins face-off versus Steven Stamkos in Sharks zone.
2:13 of 2nd period - Snap shot by Brent Seabrook.
2:13 of 2nd period - Stopped by Philipp Grubauer without a rebound.
2:14 of 2nd period - Zach Parise wins face-off versus Mitch Marner in Sharks zone.
2:14 of 2nd period - Zach Parise is hit by Connor McDavid.
2:26 of 2nd period - Mike Lundin is hit by Jamie McBain and loses puck.
3:28 of 2nd period - Penalty to Ronalds Kenins is over, Ronalds Kenins is back on ice.
3:34 of 2nd period - Brent Burns is hit by Brendan Gaunce and loses puck.
4:52 of 2nd period - Icing by Mike Lundin.
4:53 of 2nd period - Steven Stamkos wins face-off versus Frederik Gauthier in Sharks zone.
5:32 of 2nd period - Slapshot by Mike Lundin.
5:32 of 2nd period - Stopped by Carter Hart without a rebound.
5:33 of 2nd period - Jeremy Morin wins face-off versus Connor McDavid in Oilers zone.
5:42 of 2nd period - Snap shot by Vince Hinostroza.
5:42 of 2nd period - Stopped by Carter Hart without a rebound.
5:43 of 2nd period - Connor McDavid wins face-off versus Steven Stamkos in Oilers zone.
5:56 of 2nd period - Wrist shot by Leon Draisaitl.
5:56 of 2nd period - Stopped by Philipp Grubauer with a rebound.
6:22 of 2nd period - Wrist shot by Boone Jenner.
6:22 of 2nd period - Shot Misses the Net.
6:24 of 2nd period - Snap shot by Wayne Simmonds.
6:24 of 2nd period - Shot Misses the Net.
6:54 of 2nd period - Slapshot by Jamie McBain.
6:54 of 2nd period - Stopped by Philipp Grubauer without a rebound.
6:55 of 2nd period - Connor McDavid wins face-off versus Jeremy Morin in Sharks zone.
6:56 of 2nd period - Slapshot by Leon Draisaitl.
6:56 of 2nd period - Deflect By MacKenzie Weegar.
6:56 of 2nd period - Stopped by Philipp Grubauer with a rebound.
7:03 of 2nd period - Minor Penalty to Adam Gaudette for High sticking.
7:04 of 2nd period - Steven Stamkos wins face-off versus Tyler Johnson in Oilers zone.
8:45 of 2nd period - Brent Seabrook is hit by Boone Jenner and loses puck.
9:03 of 2nd period - Penalty to Adam Gaudette is over, Adam Gaudette is back on ice.
9:08 of 2nd period - Brent Seabrook is hit by Andreas Martinsen and loses puck.
9:15 of 2nd period - Greg Stewart is hit by Oscar Sundqvist and loses puck.
9:28 of 2nd period - Snap shot by Adam Gaudette.
9:28 of 2nd period - Stopped by Philipp Grubauer with a rebound.
9:47 of 2nd period - Mike Lundin is hit by Adam Gaudette and loses puck.
10:02 of 2nd period - Slapshot by Noel Acciari.
10:02 of 2nd period - Stopped by Philipp Grubauer with a rebound.
10:06 of 2nd period - Snap shot by Adam Gaudette.
10:06 of 2nd period - Shot Misses the Net.
10:08 of 2nd period - Snap shot by Adam Gaudette.
10:08 of 2nd period - Stopped by Philipp Grubauer with a rebound.
10:10 of 2nd period - Slapshot by Brent Burns.
10:10 of 2nd period - Shot Misses the Net.
10:14 of 2nd period - Slapshot by Jamie McBain.
10:14 of 2nd period - Shot Misses the Net.
10:16 of 2nd period - Slapshot by Greg Stewart.
10:16 of 2nd period - Shot Blocked by Beau Bennett.
10:29 of 2nd period - Beau Bennett is hit by Greg Stewart and loses puck.
10:36 of 2nd period - Snap shot by Andreas Martinsen.
10:36 of 2nd period - Goal by Andreas Martinsen - Oilers : 1 - Sharks : 1.
10:37 of 2nd period - Steven Stamkos wins face-off versus Frederik Gauthier in neutral zone.
11:46 of 2nd period - Snap shot by Wayne Simmonds.
11:46 of 2nd period - Goal by Wayne Simmonds - Oilers : 1 - Sharks : 2.
11:47 of 2nd period - Steven Stamkos wins face-off versus Leon Draisaitl in neutral zone.
12:39 of 2nd period - Tyler Johnson is hit by Connor Murphy and loses puck.
12:58 of 2nd period - Philippe Myers is hit by Ronalds Kenins and loses puck.
13:24 of 2nd period - Snap shot by Connor McDavid.
13:24 of 2nd period - Stopped by Philipp Grubauer without a rebound.
13:25 of 2nd period - Frederik Gauthier wins face-off versus Boone Jenner in Sharks zone.
13:30 of 2nd period - Snap shot by Jamie Benn.
13:30 of 2nd period - Shot Blocked by Boone Jenner.
13:32 of 2nd period - Slapshot by Marcus Pettersson.
13:32 of 2nd period - Shot Blocked by Zach Parise.
13:34 of 2nd period - Wrist shot by Frederik Gauthier.
13:34 of 2nd period - Shot Misses the Net.
13:52 of 2nd period - Tyler Myers is hit by Leon Draisaitl and loses puck.
14:37 of 2nd period - Drew Doughty is hit by Jamie McBain and loses puck.
14:48 of 2nd period - Snap shot by Jeremy Morin.
14:48 of 2nd period - Stopped by Carter Hart with a rebound.
15:06 of 2nd period - Snap shot by Boone Jenner.
15:06 of 2nd period - Shot Misses the Net.
15:08 of 2nd period - Wrist shot by Wayne Simmonds.
15:08 of 2nd period - Shot Misses the Net.
15:50 of 2nd period - Snap shot by Tyler Johnson.
15:50 of 2nd period - Shot Misses the Net.
16:03 of 2nd period - Off-side.
16:04 of 2nd period - Noel Acciari wins face-off versus Boone Jenner in neutral zone.
16:30 of 2nd period - Darnell Nurse is hit by Wayne Simmonds and loses puck.
16:45 of 2nd period - Snap shot by Greg Stewart.
16:45 of 2nd period - Stopped by Philipp Grubauer with a rebound.
17:11 of 2nd period - Snap shot by Greg Stewart.
17:11 of 2nd period - Stopped by Philipp Grubauer with a rebound.
17:13 of 2nd period - Slapshot by Noel Acciari.
17:13 of 2nd period - Shot Blocked by Connor Murphy.
17:17 of 2nd period - Slapshot by Noel Acciari.
17:17 of 2nd period - Stopped by Philipp Grubauer with a rebound.
17:19 of 2nd period - Snap shot by Marcus Pettersson.
17:19 of 2nd period - Stopped by Philipp Grubauer with a rebound.
17:21 of 2nd period - Snap shot by Andrew Mangiapane.
17:21 of 2nd period - Shot Blocked by Wayne Simmonds.
17:29 of 2nd period - Slapshot by Noel Acciari.
17:29 of 2nd period - Deflect By Andrew Mangiapane.
17:29 of 2nd period - Stopped by Philipp Grubauer without a rebound.
17:30 of 2nd period - Steven Stamkos wins face-off versus Connor McDavid in Sharks zone.
17:32 of 2nd period - Minor Penalty to Ronalds Kenins for Interference.
17:33 of 2nd period - Connor McDavid wins face-off versus Andreas Martinsen in Sharks zone.
17:35 of 2nd period - Snap shot by Connor McDavid.
17:35 of 2nd period - Stopped by Philipp Grubauer without a rebound.
17:36 of 2nd period - Connor McDavid wins face-off versus Steven Stamkos in Sharks zone.
18:13 of 2nd period - Mike Lundin is hit by Tyler Johnson and loses puck.
19:32 of 2nd period - Penalty to Ronalds Kenins is over, Ronalds Kenins is back on ice.
19:47 of 2nd period - Off-side.
19:48 of 2nd period - Brendan Gaunce wins face-off versus Frederik Gauthier in neutral zone.
Goals for this period are 1 for Oilers vs 2 for Sharks.
Shots for this period are 19 for Oilers vs 6 for Sharks.
3rd period
0:01 of 3rd period - Steven Stamkos wins face-off versus Connor McDavid in neutral zone.
0:06 of 3rd period - Leon Draisaitl is hit by Conor Sheary.
0:37 of 3rd period - Boone Jenner is hit by Jamie Benn and loses puck.
0:44 of 3rd period - Drew Doughty is hit by Marcus Pettersson and loses puck.
1:25 of 3rd period - Frederik Gauthier is hit by Zach Parise and loses puck.
2:00 of 3rd period - Slapshot by Mike Lundin.
2:00 of 3rd period - Shot Misses the Net.
2:04 of 3rd period - Wrist shot by Wayne Simmonds.
2:04 of 3rd period - Shot Misses the Net.
2:06 of 3rd period - Snap shot by Wayne Simmonds.
2:06 of 3rd period - Stopped by Carter Hart without a rebound.
2:07 of 3rd period - Steven Stamkos wins face-off versus Adam Gaudette in Oilers zone.
2:34 of 3rd period - Beau Bennett is hit by Jason Robertson.
2:37 of 3rd period - Off-side.
2:38 of 3rd period - Tyler Johnson wins face-off versus Oscar Sundqvist in neutral zone.
2:47 of 3rd period - Snap shot by Tyler Johnson.
2:47 of 3rd period - Stopped by Philipp Grubauer with a rebound.
2:49 of 3rd period - Snap shot by Philippe Myers.
2:49 of 3rd period - Stopped by Philipp Grubauer with a rebound.
2:51 of 3rd period - Snap shot by Mitch Marner.
2:51 of 3rd period - Stopped by Philipp Grubauer without a rebound.
2:52 of 3rd period - Connor McDavid wins face-off versus Steven Stamkos in Sharks zone.
3:12 of 3rd period - Tyler Myers is hit by Brent Seabrook and loses puck.
3:27 of 3rd period - Snap shot by Vince Hinostroza.
3:27 of 3rd period - Stopped by Carter Hart with a rebound.
3:29 of 3rd period - Wrist shot by Jeremy Morin.
3:29 of 3rd period - Shot Misses the Net.
3:31 of 3rd period - Snap shot by Vince Hinostroza.
3:31 of 3rd period - Sharks goal is going for a video replay.
3:31 of 3rd period - The goal is refused. The puck has been directed, batted or thrown into the net by an attacking player other than with a stick..
3:32 of 3rd period - Tyler Johnson wins face-off versus Brendan Gaunce in Oilers zone.
3:34 of 3rd period - Icing by Mitch Marner.
3:35 of 3rd period - Tyler Johnson wins face-off versus Steven Stamkos in Oilers zone.
3:42 of 3rd period - Wrist shot by Tyler Johnson.
3:42 of 3rd period - Shot Blocked by Drew Doughty.
4:09 of 3rd period - Wrist shot by Jamie Benn.
4:09 of 3rd period - Shot Blocked by Mike Lundin.
4:11 of 3rd period - Wrist shot by Jamie Benn.
4:11 of 3rd period - Stopped by Philipp Grubauer with a rebound.
4:29 of 3rd period - Beau Bennett is hit by Adam Gaudette and loses puck.
6:16 of 3rd period - Snap shot by Noel Acciari.
6:16 of 3rd period - Shot Blocked by Vince Hinostroza.
6:44 of 3rd period - Darnell Nurse is hit by Ronalds Kenins and loses puck.
7:17 of 3rd period - Connor McDavid is hit by Connor Murphy and loses puck.
7:38 of 3rd period - Darnell Nurse is hit by Steven Stamkos and loses puck.
7:57 of 3rd period - Backhand shot by Connor McDavid.
7:57 of 3rd period - Shot Misses the Net.
7:59 of 3rd period - Slapshot by Marcus Pettersson.
7:59 of 3rd period - Shot Blocked by Drew Doughty.
8:01 of 3rd period - Slapshot by Darnell Nurse.
8:01 of 3rd period - Shot Misses the Net.
8:03 of 3rd period - Wrist shot by Connor McDavid.
8:03 of 3rd period - Goal by Connor McDavid - Oilers : 2 - Sharks : 2.
8:04 of 3rd period - Steven Stamkos wins face-off versus Tyler Johnson in neutral zone.
8:11 of 3rd period - Snap shot by Steven Stamkos.
8:11 of 3rd period - Deflect By Ronalds Kenins.
8:11 of 3rd period - Shot Misses the Net.
8:11 of 3rd period - Puck is out of play.
8:12 of 3rd period - Tyler Johnson wins face-off versus Conor Sheary in Oilers zone.
8:34 of 3rd period - Slapshot by Tyler Myers.
8:34 of 3rd period - Stopped by Carter Hart with a rebound.
8:36 of 3rd period - Slapshot by Tyler Myers.
8:36 of 3rd period - Shot Blocked by Brent Seabrook.
8:44 of 3rd period - Snap shot by Mitch Marner.
8:44 of 3rd period - Stopped by Philipp Grubauer with a rebound.
8:46 of 3rd period - Wrist shot by Jason Robertson.
8:46 of 3rd period - Shot Misses the Net.
9:18 of 3rd period - Wrist shot by Tyler Johnson.
9:18 of 3rd period - Stopped by Philipp Grubauer without a rebound.
9:19 of 3rd period - Connor McDavid wins face-off versus Boone Jenner in Sharks zone.
9:42 of 3rd period - Double Minor Penalty to Zach Parise for Slashing.
9:43 of 3rd period - Tyler Johnson wins face-off versus Steven Stamkos in Sharks zone.
9:44 of 3rd period - Backhand shot by Leon Draisaitl.
9:44 of 3rd period - Shot Misses the Net.
10:08 of 3rd period - Jason Robertson is hit by Drew Doughty and loses puck.
11:09 of 3rd period - Jamie McBain is hit by Jeremy Morin and loses puck.
13:42 of 3rd period - Penalty to Zach Parise is over, Zach Parise is back on ice.
13:58 of 3rd period - Steven Stamkos is hit by Christian Fischer and loses puck.
14:47 of 3rd period - Adam Gaudette is hit by Beau Bennett and loses puck.
16:02 of 3rd period - Jamie Benn is hit by Beau Bennett and loses puck.
16:06 of 3rd period - Icing by Jamie McBain.
16:07 of 3rd period - Frederik Gauthier wins face-off versus Oscar Sundqvist in Oilers zone.
17:00 of 3rd period - Jamie Benn is hit by Zach Parise.
17:28 of 3rd period - MacKenzie Weegar is hit by Greg Stewart and loses puck.
18:31 of 3rd period - Darnell Nurse is hit by Oscar Sundqvist and loses puck.
18:58 of 3rd period - Darnell Nurse is hit by Mike Lundin and loses puck.
Goals for this period are 1 for Oilers vs 0 for Sharks.
Shots for this period are 7 for Oilers vs 4 for Sharks.
Overtime #1
0:01 of 1st overtime period - Steven Stamkos wins face-off versus Connor McDavid in neutral zone.
1:04 of 1st overtime period - Wrist shot by Greg Stewart.
1:04 of 1st overtime period - Shot Blocked by Drew Doughty.
1:06 of 1st overtime period - Wrist shot by Greg Stewart.
1:06 of 1st overtime period - Stopped by Philipp Grubauer with a rebound.
1:18 of 1st overtime period - Snap shot by Conor Sheary.
1:18 of 1st overtime period - Goal by Conor Sheary - Oilers : 2 - Sharks : 3.
Goals for this period are 0 for Oilers vs 1 for Sharks.
Shots for this period are 1 for Oilers vs 1 for Sharks.